 Dungeon Crawl Stone Soup version 0.20.1-1-g8b1a95d (webtiles) character file.

74 slep the Skirmisher (level 4, -1/37 HPs)
             Began as a Demonspawn Abyssal Knight on Oct 29, 2017.
             Was a Follower of Lugonu.
             Slain by a worm (7 damage)
             ... on level 2 of the Dungeon.
             The game lasted 00:07:48 (1828 turns).

slep the Skirmisher (Demonspawn Abyssal Knight)     Turns: 1828, Time: 00:07:50

Health: -1/37      AC:  5    Str: 12    XL:     4   Next: 9%
Magic:  5/5        EV: 11    Int: 14    God:    Lugonu [*.....]
Gold:   80         SH:  0    Dex: 13    Spells: 3/3 levels left

rFire    . . .     SeeInvis .   a - +1 falchion
rCold    . . .     Gourm    .   (no shield)
rNeg     . . .     Faith    .   b - +0 leather armour
rPois    .         Spirit   .   (helmet restricted)
rElec    .         Reflect  .   (no cloak)
rCorr    .         Harm     .   (no gloves)
MR       .....                  s - +1 pair of boots
Stlth    +.........             (no amulet)
Regen    0.2/turn               (no ring)
MPRegen  0.1/turn               (no ring)

@: no status effects
A: antennae 1, powered by pain 1
a: Depart the Abyss, Renounce Religion


You were on level 2 of the Dungeon.
You worshipped Lugonu.
Lugonu was aware of your devotion.
You were not hungry.

You visited 1 branch of the dungeon, and saw 2 of its levels.
You visited the Abyss 1 time.

You collected 80 gold pieces.

Inventory:

Hand Weapons
 a - a +1 falchion (weapon)
 o - a +1 vampiric spear
Armour
 b - a +0 leather armour (worn)
 s - a +1 pair of boots (worn)
Jewellery
 t - an uncursed ring of flight {unknown}
Scrolls
 d - 2 scrolls of identify {unknown}
 f - a scroll of enchant weapon {unknown}
 h - a scroll of magic mapping {unknown}
 i - 2 scrolls of recharging {unknown}
 k - a scroll of blinking {unknown}
 r - 2 scrolls of teleportation {unknown}
Potions
 e - a potion of curing {unknown}
 g - 2 potions of agility {unknown}
 l - 2 potions of heal wounds {unknown}
 n - a potion of flight {unknown}
 p - a potion of resistance {unknown}
Comestibles
 c - a bread ration
 j - 3 meat rations
 m - 3 chunks of flesh
 q - a royal jelly


   Skills:
 + Level 3.8 Fighting
 + Level 2.5 Long Blades
 + Level 2.5 Armour
 + Level 1.2 Dodging
 + Level 2.5 Invocations


You had 3 spell levels left.
You didn't know any spells.

Dungeon Overview and Level Annotations

Branches:
Dungeon (2/15)

Altars:
Gozag
Makhleb
Nemelex Xobeh


Innate Abilities, Weirdness & Mutations

You have a pair of small antennae on your head.
You sometimes gain a little power by taking damage.


Message History

The worm is moderately wounded.
The worm misses you.
You hit the worm.
The worm is heavily wounded.
The worm barely misses you.
You hit the worm.
The worm is severely wounded.
You hit the worm but do no damage.
The worm is severely wounded.
The worm bites you.
You hit the worm.
The worm is severely wounded.
The worm bites you!
* * * LOW HITPOINT WARNING * * *
You barely miss the worm.
The worm is severely wounded.
You barely miss the worm.
The worm is severely wounded.
The worm bites you!
You die...

##.###..##....####
#$# ##...#...........
...#
#####..#....#####._.#
#..##.#..(......#
#..##.#.........#
#........###....##
##.##.######.....###
#.##w# #.........
#.##@######.....#
#.....(..)..(..##
#....######.#.##
#.#### #.######### #.
#.........# #
#########.# #.# #.#
#.#


You could see a worm.

Vanquished Creatures
  Jessica (D:2)
  2 worms
  A ball python (D:2)
  3 giant cockroaches
  6 goblins
  6 hobgoblins
  4 jackals (D:2)
  A kobold (D:2)
  2 quokkas (D:2)
  4 bats
  3 frilled lizards
  6 rats
39 creatures vanquished.

Notes
Turn   | Place    | Note
-------+----------+-------------------------------------------
     0 | Abyss:1  | slep the Demonspawn Abyssal Knight began the quest for the Orb.
     0 | Abyss:1  | Reached XP level 1. HP: 18/18 MP: 2/2
    39 | Abyss:1  | Noticed a small abomination
   101 | Abyss:2  | Noticed a raiju
   125 | Abyss:2  | Noticed a small abomination
   126 | Abyss:2  | Noticed a raiju
   127 | Abyss:2  | Noticed a raiju
   129 | D:1      | Escaped the Abyss
   529 | D:1      | Reached skill level 1 in Dodging
   776 | D:1      | Gained mutation: You have a pair of small antennae on your head. [demonic ancestry]
   776 | D:1      | Reached XP level 2. HP: 24/24 MP: 3/3
   976 | D:1      | Reached * piety under Lugonu
  1367 | D:2      | Gained mutation: You sometimes gain a little power by taking damage. [demonic ancestry]
  1367 | D:2      | Reached XP level 3. HP: 28/29 MP: 4/4
  1373 | D:2      | Found a sparkling altar of Nemelex Xobeh.
  1569 | D:2      | Found an opulent altar of Gozag.
  1641 | D:2      | Found a burning altar of Makhleb.
  1716 | D:2      | Noticed Jessica
  1728 | D:2      | Killed Jessica
  1728 | D:2      | Reached XP level 4. HP: 34/37 MP: 5/5
  1828 | D:2      | Slain by a worm

Skill      XL: |  1  2 |
---------------+-------+-----
Dodging        | 1 |  1.2
Long Blades    | 2 |  2.5
Armour         | 2 |  2.5
Fighting       | |  3.8
Invocations    | |  2.5

Action                   |  1- 3 |  4- 6 || total
-------------------------+-------+-------++-------
Melee: Falchion          |   100 |    26 ||   126
Invok: Depart the Abyss  |     1 |       ||     1
  Eat: Chunk             |     3 |       ||     3
Armor: Leather armour    |    28 |     1 ||    29
Dodge: Dodged            |    40 |    13 ||    53
       Rpst.: Falchion   |     9 |     2 ||    11
